 Dungeon Crawl Stone Soup version 0.29-a0-8-g0446c0dae4 (webtiles) character file.

Game seed: 17138139973855834076

0 meatgazer the Skirmisher (level 1, -17/18 HPs)
             Began as a Demonspawn Abyssal Knight on Jan 27, 2022.
             Was a Follower of Lugonu.
             Demolished by a small abomination (19 damage)
             ... on level 2 of the Abyss.
             The game lasted 00:00:24 (113 turns).

meatgazer the Skirmisher (Demonspawn Abyssal Knight) Turns: 113, Time: 00:00:25

Health: -17/18     AC:  3    Str: 13    XL:     1   Next: 0%
Magic:  2/2        EV: 11    Int: 11    God:    Lugonu [*.....]
Gold:   0          SH:  0    Dex: 13    Spells: 0/0 levels left

rFire   . . .      SeeInvis .   a - +1 falchion
rCold   . . .      Faith    .   (no shield)
rNeg    . . .      Spirit   .   b - +0 leather armour
rPois   .          Reflect  .   (no helmet)
rElec   .          Harm     .   (no cloak)
rCorr   .          Rampage  .   (no gloves)
Will    .....                   (no boots)
Stlth   +.........              (no amulet)
HPRegen 0.00/turn               (no ring)
MPRegen 0.08/turn               (no ring)

@: sick
A: no striking features
a: Renounce Religion, Depart the Abyss


You were on level 2 of the Abyss.
You worshipped Lugonu.
Lugonu was aware of your devotion.
You visited 0 branches of the dungeon, and saw 0 of its levels.
You visited the Abyss 1 time.

Inventory:

Hand Weapons
 a - a +1 falchion (weapon)
Armour
 b - a +0 leather armour (worn)


   Skills:
 + Level 3.0 Fighting
 + Level 1.7 Long Blades
 + Level 1.7 Armour
 + Level 0.8 Dodging
 + Level 2.4 Invocations


You couldn't memorise any spells.
You didn't know any spells.
Your spell library was empty.

Dungeon Overview and Level Annotations

Branches:
Dungeon (0/15)

Altars:


Message History

As you open the door, it creaks loudly!
There is an open door here.
A kobold demonologist materialises.
It is wielding a +0 dagger.
The kobold demonologist shouts!
The kobold demonologist looks satisfied for a moment.
A large abomination and a crimson imp come into view.
The crimson imp shouts!
The crimson imp laughs crazily.
Found a gateway leading deeper into the Abyss.
The kobold demonologist begins to cast a cantrip, but forgets the words!
The crimson imp blinks!
A smoke demon comes into view.
The large abomination hits you!
Ouch! That really hurt!
* * * LOW HITPOINT WARNING * * *
The crimson imp blinks!
The large abomination closely misses you.
There is a gateway leading deeper into the Abyss here.
You plunge deeper into the Abyss.
An ancient zyme coalesces out of pure chaos.
You feel yourself growing ill in the presence of the ancient zyme.
You feel ill.
You feel ill.
You feel ill.
You feel ill.
The ancient zyme hits you but does no damage.
The ancient zyme hits you.
* * * LOW HITPOINT WARNING * * *
A tentacled starspawn comes into view.
Tentacles burst from the starspawn's body! 2 starspawn tentacles come into view.
A small abomination comes into view.
The starspawn tentacle grabs you. The starspawn tentacle constricts you.
* * * LOW HITPOINT WARNING * * *
You escape the starspawn tentacle's grasp.
Unknown command.
The small abomination barely misses you.
The small abomination hits you!!
Ouch! That really hurt!
You die...

.# . .### #.
.##.#..####.##
.....#.#....
#.#..#....
....#...# ###
##.....@# # ..#
#....##x#
#..#.##......##
#....##..#.#...♣
#.......#.##.###.♣
###...# .# .#
#.#..#─.#.# ...
....#/# .## ...
#..<...## #..♣


You could see a small abomination.

Vanquished Creatures (others)
  2 starspawn tentacles (Abyss:2)
2 creatures vanquished.

Notes
Turn   | Place    | Note
-------+----------+-------------------------------------------
     0 | Abyss:1  | meatgazer the Demonspawn Abyssal Knight began the quest for
                  | the Orb.
     0 | Abyss:1  | Reached XP level 1. HP: 18/18 MP: 2/2
    36 | Abyss:1  | Noticed a kobold demonologist
    38 | Abyss:1  | Noticed a large abomination
    38 | Abyss:1  | Noticed a crimson imp
    42 | Abyss:1  | Noticed a smoke demon
    71 | Abyss:2  | Noticed an ancient zyme
    97 | Abyss:2  | Noticed a tentacled starspawn
   107 | Abyss:2  | Noticed a small abomination
   113 | Abyss:2  | Demolished by a small abomination

Illustrated notes

Levels and vault maps discovered:
Abyss:2:  base:
Temple

Action                   || total
-------------------------++-------
Armor: Leather armour    ||     1
Dodge: Dodged            ||     2

Table legend: (Time is in decaauts)
 A = Elapsed time spent in this place.
 B = Non-inter-level travel time spent in this place.
 C = Inter-level travel time spent in this place.
 D = Time resting spent in this place.
 E = Time spent auto-exploring this place.
 F = Levels seen in this place.
 G = Mean time per level.
                   A        B        C        D        E       F      G
               +--------+--------+--------+--------+--------+-----+--------+
         Total |    112 |    112 |      0 |      0 |     55 |   2 |   56.0 |
         Abyss |    112 |    112 |      0 |      0 |     55 |   2 |   56.0 |
               +--------+--------+--------+--------+--------+-----+--------+

Top non-repeatable levels by time:
 Abyss:2: 63 daAuts
 Abyss:1: 49 daAuts
